 Dungeon Crawl Stone Soup version 0.31-a0-1027-gfb7600b534 (webtiles) character file.

Game seed: 14744861883194183116

33722 vahanchamaka the Impaler (level 13, -9/174 HPs)
             Began as a Hill Orc Monk on Nov 18, 2023.
             Was an Initiate of Trog.
             Mangled by a naga warrior
             ... wielding a +0 flail
              (33 damage)
             ... on level 1 of the Snake Pit.
             The game lasted 02:40:08 (13604 turns).

vahanchamaka the Impaler (Hill Orc Monk)           Turns: 13604, Time: 02:40:09

Health: -9/174     AC: 30    Str: 19    XL:     13   Next: 72%
Magic:  0/17       EV: -1    Int: 10    God:    Trog [......]
Gold:   737        SH:  0    Dex: 16    Spells: 12/12 levels left

rFire   . . .        V - +11 bardiche of the Equinox {flame, rPois Will+ Dex+3}
rCold   . . .        (shield currently unavailable)
rNeg    . . .        n - melded +0 chain mail {rF+}
rPois   +            e - melded +2 helmet
rElec   .            Q - melded +2 cloak
rCorr   .            (gloves currently unavailable)
SInv    .            u - melded +0 pair of boots
Will    +....        (no amulet)
Stlth   ++           l - +5 ring of evasion
HPRegen 0.49/turn    T - +4 ring of protection
MPRegen 0.15/turn

%: no passive effects
@: lethally poisoned (-9 -> -14), tree-form, constricted
A: stationary, stasis, torment immunity, boosted hp
a: Renounce Religion


You were on level 1 of the Snake Pit.
You worshipped Trog.
Trog was noncommittal.
You were a tree.
You visited 4 branches of the dungeon, and saw 13 of its levels.
You also visited: Ossuary and Volcano.

You collected 737 gold pieces.

Inventory:

Hand Weapons
 m - the +6 dagger of Classification {venom, rF+ rN+ Dex+2}
   (You found it on level 3 of the Dungeon)

   Dex+2:     It affects your dexterity (+2).
   rF+:       It protects you from fire.
   rN+:       It protects you from negative energy.
 o - a +1 heavy halberd
 A - a +0 war axe
 V - the +11 bardiche of the Equinox (weapon) {flame, rPois Will+ Dex+3}
   (You found it on level 6 of the Dungeon)

   Dex+3:     It affects your dexterity (+3).
   rPois:     It protects you from poison Will+: It increases your willpower.
Missiles
 j - 6 throwing nets
 E - 18 poisoned darts
 G - 9 boomerangs (quivered)
 U - a curare-tipped dart
Armour
 d - an orb of light
 e - a +2 helmet (melded)
 n - a +0 chain mail of fire resistance (melded)
 u - a +0 pair of boots (melded)
 Q - a +2 cloak (melded)
Magical Staves
 t - a staff of fire
 Z - a staff of conjuration
Jewellery
 l - a +5 ring of evasion (left branch)
 H - a ring of protection from fire
 K - a ring of willpower
 O - a ring of fire
 T - a +4 ring of protection (right branch)
Talismans
 F - the serpent talisman "Raddapnu" {Dex+4}
   (You found it on level 1 of the Lair of Beasts)

   [serpent talisman]

   Dex+4:     It affects your dexterity (+4).
 S - a serpent talisman
Wands
 s - a wand of mindburst (3)
 J - a wand of acid (12)
 L - a wand of iceblast (3)
Scrolls
 b - 3 scrolls of vulnerability
 f - 3 scrolls of teleportation
 g - 2 scrolls of revelation
 k - 2 scrolls of fog
 x - 2 scrolls of blinking
 y - 3 scrolls of noise
 I - a scroll of enchant weapon {unknown}
 P - 4 scrolls of identify
 R - 3 scrolls of brand weapon
 X - a scroll of acquirement {unknown}
 Y - 2 scrolls of immolation
Potions
 c - 4 potions of ambrosia
 h - 3 potions of resistance
 i - 11 potions of curing
 p - 5 potions of degeneration
 q - 4 potions of lignification
 r - 2 potions of might
 v - a potion of enlightenment {unknown}
 w - 3 potions of mutation {unknown}
 B - a potion of magic {unknown}
 D - a potion of brilliance
 N - a potion of cancellation {unknown}


   Skills:
 + Level 11.5 Fighting
 + Level 11.2(16.4) Axes
 + Level 16.1(17.1) Polearms
 + Level 4.4 Throwing
 + Level 9.7 Armour
 + Level 5.2 Dodging
 + Level 1.7 Stealth
 + Level 5.6 Invocations
 + Level 2.9 Evocations


You had 12 spell levels left.
You didn't know any spells.
Your spell library contained the following spells:

 Spells                   Type           Power      Damage    Failure   Level
 Blink                    Tloc           0%         N/A       50%         2
 Cigotuvi's Dreadful Rot  Necr/Pois/Air  0%         N/A       50%         2
 Ensorcelled Hibernation  Hex/Ice        0%         N/A       50%         2
 Passwall                 Tmut/Erth      0%         N/A       50%         2
 Wereblood                Tmut           0%         N/A       50%         2
 Ignite Poison            Fire/Tmut/Pois 0%         N/A       75%         3
 Swiftness                Air            0%         N/A       75%         3
 Manifold Assault         Tloc           0%         N/A       98%         4
 Passage of Golubria      Tloc           0%         N/A       98%         4
 Freezing Cloud           Conj/Ice/Air   0%         6-21      100%        5
 Irradiate                Conj/Tmut      0%         3d11      100%        5
 Silence                  Hex/Air        0%         N/A       100%        5
 Lehudib's Crystal Spear  Conj/Erth      0%         10d2      100%        8


Dungeon Overview and Level Annotations

Branches:
Dungeon (8/15)             Temple (1/1) D:6            Lair (3/5) D:8
 Shoals (0/4) Lair:3        Snake (1/4) Lair:3      Ossuary (visited)
Volcano (visited)

Altars:
Ashenzari
Cheibriados
Dithmenos
Elyvilon
Gozag
Hepliaklqana
Kikubaaqudgha
Makhleb
Nemelex Xobeh
Okawaru
Qazlal
Ru
Sif Muna
Trog
Uskayaw
Vehumet
Wu Jian
Yredelemnul
Zin

Shops:
D:6 [

Annotations:
D:5 3 runed translucent doors, b0ghi87's ghost, novice MiFi


Message History

* * * LOW HITPOINT WARNING * * *
Okay, then.
Okay, then.
As you read the scroll of butterflies, it crumbles to dust.
You hear the flapping of tiny wings.
The guardian serpent is knocked back by the sudden gust.
The mana viper is knocked back by the sudden gust.
The naga warrior is knocked back by the sudden gust.
* * * LOW HITPOINT WARNING * * *
You feel very sick.
The guardian serpent hits your butterfly!
Your butterfly dies!
Your butterfly disappears in a burst of colours!
You feel much better.
You feel very sick.
The mana viper completely misses your butterfly.
The naga misses your butterfly. The naga grabs your butterfly.
The naga constricts your butterfly.
Your butterfly dies!
Your butterfly disappears in a burst of colours!
The naga warrior spits poison at you. The splash of poison hits you.
You resist.
* * * LOW HITPOINT WARNING * * *
The naga warrior constricts you. The mana viper bites your butterfly!
Your butterfly dies!
Your butterfly disappears in a burst of colours!
The guardian serpent closely misses your butterfly.
You hit the naga warrior but do no damage.
The naga warrior is almost dead.
You feel sick. The mana viper bites your butterfly!!
Your butterfly dies!
Your butterfly disappears in a burst of colours!
The naga warrior barely misses your butterfly.
The naga warrior grabs your butterfly.
The naga warrior constricts your butterfly.
Your butterfly dies!
Your butterfly disappears in a burst of colours!
The naga misses your butterfly. x2
The naga warrior hits you with a +0 flail!!
You die...

#......##
#..######.##
#......# #..# #.#
#.....## ##b.# ###
.......########..##
.####.......†...b#
## ##........bbb#
#.........bb##
#..########bb# #..#
#♣N# #..# #...#
#..# ##bS# ....
#Nb# #... ..bS.
..N.bb .......


You could see 2 naga warriors, a mana viper (ally target), a guardian serpent
(ally target) and a naga (strong, ally target).

Vanquished Creatures
  Nessos (Lair:3)
  An ogre mage (Volcano)
  The ghost of ongoing the Covert, a journeyman VSBr of Uskayaw (Lair:2)
  A naga warrior (Snake:1)
  5 two-headed ogres (Volcano)
  A naga sharpshooter (Snake:1)
  A hell knight (Volcano)
  A skyshark (Lair:2)
  A mana viper (Snake:1)
  5 black mambas
  3 naga magi (Snake:1)
  9 elephants
  6 cane toads
  2 rime drakes
  5 komodo dragons
  4 polar bears
  A hornet (Lair:2)
  4 blink frogs (Lair:1)
  6 dream sheep (Lair:3)
  26 yaks
  6 fire bats (Volcano)
  A wraith (D:6)
  4 wyverns
  2 basilisks
  5 nagas
  10 water moccasins
  Duvessa (D:6)
  A sky beast (D:7)
  An orc warrior (D:7)
  An ice beast (D:6)
  A black bear (D:6)
  4 centaurs
  3 ogres
  35 wolves
  A phantom (D:6)
  A kobold brigand (D:6)
  10 bullfrogs
  A gnoll sergeant (D:8)
  A wyvern zombie (Ossuary)
  2 scorpions
  Dowan (D:6)
  3 wights (D:8)
  6 killer bees (D:8)
  3 electric eels (Lair:1)
  6 lava snakes (Volcano)
  3 bullfrog zombies (Ossuary)
  6 orc priests
  2 hounds
  3 centaur zombies (Ossuary)
  3 gnoll boudas
  6 iguanas
  A jelly (D:7)
  2 sleepcaps
  Ijyb (D:3)
  2 orc wizards (D:4)
  16 mummies
  2 howler monkey zombies (Ossuary)
  21 gnolls
  6 adders
  A shadow imp (D:6)
  2 white imps (D:7)
  4 ufetubi (D:6)
  A worm (D:4)
  3 dart slugs
  12 orcs
  10 ball pythons
  9 endoplasms
  7 giant cockroaches
  19 goblins
  11 hobgoblins
  14 kobolds
  4 quokkas
  7 bats
  A frilled lizard (D:1)
  6 rats
  A butterfly (Lair:1)
380 creatures vanquished.

Notes
Turn   | Place    | Note
-------+----------+-------------------------------------------
     0 | D:1      | vahanchamaka the Hill Orc Monk began the quest for the Orb.
     0 | D:1      | Reached XP level 1. HP: 19/19 MP: 1/1
    71 | D:1      | Found a faded altar of an unknown god.
    92 | D:1      | Prayed at the altar of an unknown god.
    92 | D:1      | Became a worshipper of Elyvilon the Healer
    92 | D:1      | Reached * piety under Elyvilon
    92 | D:1      | Reached ** piety under Elyvilon
   155 | D:1      | Reached XP level 2. HP: 27/27 MP: 2/2
   260 | D:1      | Reached *** piety under Elyvilon
   344 | D:1      | Reached XP level 3. HP: 22/33 MP: 0/3
  1031 | D:1      | Reached skill level 5 in Axes
  1031 | D:1      | Reached XP level 4. HP: 35/40 MP: 2/4
  2118 | D:3      | Reached **** piety under Elyvilon
  2334 | D:3      | Noticed Ijyb
  2343 | D:3      | Reached XP level 5. HP: 47/47 MP: 5/5
  2364 | D:3      | Killed Ijyb
  2365 | D:3      | Reached skill level 1 in Armour
  2477 | D:3      | Found a glowing drain.
  2663 | D:3      | Reached skill level 1 in Throwing
  2712 | D:3      | Identified the +6 dagger of Classification {venom, rF+ rN+
                  | Dex+2}
  3031 | D:4      | Reached XP level 6. HP: 20/53 MP: 6/6
  3470 | D:4      | Noticed a water moccasin
  3478 | D:4      | Killed a water moccasin
  3479 | D:4      | Reached skill level 1 in Invocations
  3479 | D:4      | Reached XP level 7. HP: 43/60 MP: 7/7
  3908 | D:4      | Reached skill level 1 in Evocations
  4376 | D:5      | Entered Level 5 of the Dungeon
  4607 | D:5      | Reached skill level 5 in Fighting
  4752 | D:5      | Reached XP level 8. HP: 61/68 MP: 8/8
  4912 | D:5      | Found a runed translucent gate.
  4912 | D:5      | Found a runed translucent gate.
  4912 | D:5      | Found a runed translucent gate.
  4913 | D:5      | Noticed b0ghi87's ghost (novice MiFi)
  5459 | D:6      | Reached ***** piety under Elyvilon
  5528 | D:6      | Found a staircase to the Ecumenical Temple.
  5568 | Temple   | Entered the Ecumenical Temple
  5629 | D:6      | Found Ariqemoc's Armour Shoppe.
  5641 | D:6      | Noticed Dowan
  5641 | D:6      | Noticed Duvessa
  5646 | D:6      | Killed Duvessa
  5656 | D:6      | Killed Dowan
  5960 | D:6      | Reached skill level 10 in Axes
  6174 | D:6      | Reached XP level 9. HP: 63/78 MP: 10/10
  6490 | D:6      | Identified the +11 bardiche of the Equinox {flame, rPois
                  | Will+ Dex+3}
  6707 | D:7      | Reached skill level 5 in Armour
  6712 | D:7      | Reached skill level 1 in Polearms
  6797 | D:7      | Found a radiant altar of Vehumet.
  7524 | D:8      | Reached skill level 2 in Polearms
  7596 | D:8      | Reached skill level 3 in Polearms
  7701 | D:8      | Reached skill level 4 in Polearms
  7712 | D:8      | Found a staircase to the Lair.
  7732 | D:8      | Found a sand-covered staircase.
  7741 | Ossuary  | Entered an ossuary
  7757 | Ossuary  | Reached XP level 10. HP: 64/86 MP: 11/11
  7906 | Ossuary  | Reached skill level 5 in Polearms
  8280 | IceCv    | Identified the of Ujezov
  8280 | IceCv    | Identified the "Mutirch"
  8280 | Gauntlet | Identified the "Atiusm"
  8280 | Lair:1   | Entered Level 1 of the Lair of Beasts
  8294 | Lair:1   | Reached skill level 6 in Polearms
  8588 | Lair:1   | Noticed a cane toad
  8596 | Lair:1   | Killed a cane toad
  8597 | Lair:1   | Reached skill level 7 in Polearms
  8768 | Lair:1   | Identified the serpent talisman "Raddapnu" {Dex+4}
  8781 | Lair:1   | Noticed a cane toad
  8787 | Lair:1   | Killed a cane toad
  8788 | Lair:1   | Reached skill level 8 in Polearms
  8874 | Lair:1   | Reached XP level 11. HP: 87/95 MP: 12/12
  8888 | Lair:1   | Reached skill level 1 in Stealth
  8893 | Lair:1   | Reached skill level 9 in Polearms
  9452 | Lair:1   | Reached skill level 10 in Polearms
  9868 | Lair:2   | Noticed a skyshark
  9878 | Lair:2   | Killed a skyshark
 10079 | Lair:2   | Reached skill level 11 in Polearms
 10303 | Lair:2   | Reached XP level 12. HP: 46/105 MP: 13/13
 10312 | Lair:2   | Reached skill level 12 in Polearms
 10632 | Lair:2   | Reached skill level 13 in Polearms
 10968 | Lair:2   | Reached skill level 10 in Fighting
 11103 | Lair:2   | Found a runed translucent gate.
 11103 | Lair:2   | Found a runed translucent gate.
 11103 | Lair:2   | Found a runed translucent gate.
 11106 | Lair:2   | Noticed ongoing's ghost (journeyman VSBr)
 11351 | Lair:2   | Killed ongoing's ghost
 11571 | Lair:3   | Noticed Nessos
 11593 | Lair:3   | Killed Nessos
 11678 | Lair:3   | Found a staircase to the Snake Pit.
 11704 | Lair:3   | Reached skill level 5 in Invocations
 11741 | Lair:3   | Reached skill level 14 in Polearms
 11762 | Lair:3   | Reached skill level 5 in Dodging
 11763 | Lair:3   | Reached XP level 13. HP: 49/114 MP: 17/17
 11862 | Lair:3   | Found a staircase to the Shoals.
 12184 | Lair:3   | Found a dark tunnel.
 12193 | Volcano  | Entered a volcano
 12384 | Volcano  | Reached skill level 15 in Polearms
 12463 | Volcano  | Found a burning altar of Makhleb.
 12516 | Volcano  | Found a bloodstained altar of Trog.
 12531 | Volcano  | Fell from the grace of Elyvilon
 12531 | Volcano  | Became a worshipper of Trog the Wrathful
 13052 | Snake:1  | Entered Level 1 of the Snake Pit
 13175 | Snake:1  | Reached skill level 16 in Polearms
 13581 | Snake:1  | HP: 7/174 [naga warrior/+0 flail (27)]
 13599 | Snake:1  | HP: 8/174 [mana viper (11)]
 13599 | Snake:1  | HP: 3/174 [naga warrior/+0 flail (5)]
 13600 | Snake:1  | HP: 1/174 [naga warrior/+0 flail (13)]
 13604 | Snake:1  | Mangled by a naga warrior

Illustrated notes

Levels and vault maps discovered:
D:1:      lightli_arrival_quake, layout_loops_ring,
          hellmonk_ecumenical_altar_zigzags, kennysheep_boxes
D:2:      layout_loops_cross
D:3:      kennysheep_the_goblin_king, layout_basic,
          cheibrodos_sewer_entry_drain, palyth_stone_intersect,
          minmay_joined_circles, uniq_ijyb
D:4:      layout_cave_pods, hangedman_decor_diamond_cutter
D:5:      nicolae_cairo_tiling_very_big, layout_cave_pools,
          gammafunk_ghost_nasty_kobolds
D:6:      layout_loops_ring, minmay_temple_entry_mini_moons, serial_shops,
          nicolae_square_shop, st_stairs_10, grunt_potential, uniq_duvessa
D:7:      layout_loops_ring, overflow_temple_1_default
D:8:      layout_basic, gammafunk_temple_overflow_claw, dpeg_oklobed_lair,
          gup_ossuary_entry_pyramid
Temple:   nicolae_temple_two_arcs
Lair:1:   layout_loops_ring, grunt_megastairs_2, infiniplex_staircase_pool,
          lemuel_fruit_fields, serial_bayou_shore_a
Lair:2:   layout_loops_ring, ebering_ghost_rock_garden
Lair:3:   layout_loops_ring, shoals_dummy_entry,
          minmay_snake_entry_guardpost_small, lightli_volcano_entry_magma_tube,
          uniq_nessos
Snake:1:  layout_layer_cave, grunt_ministairs_4, nicolae_triple_integral,
          uniq_aizul

Skill      XL: |  1  2  3  4  5  6  7  8  9 10 11 12 13 |
---------------+----------------------------------------+-----
Fighting       | 4 5 6 7 8 9 10 11 | 11.5
Axes           | 5 6 8 10 11 | 11.2
Dodging        | 3 4 5 |  5.2
Armour         | 1 2 4 5 7 8 9 |  9.7
Throwing       | 2 3 4 |  4.4
Invocations    | 1 2 5 |  5.6
Evocations     | 1 2 |  2.9
Polearms       | 4 8 11 14 16 | 16.1
Stealth        | 1 |  1.7

Action                     |  1- 3 |  4- 6 |  7- 9 | 10-12 | 13-15 || total
---------------------------+-------+-------+-------+-------+-------++-------
  Melee: Hand axe          |    81 |    34 |       |       |       ||   115
         War axe           |       |   101 |   174 |       |       ||   275
         Bardiche          |       |       |    60 |   409 |   140 ||   609
  Throw: Stone             |       |    18 |       |       |       ||    18
         Dart              |       |    20 |    24 |     1 |       ||    45
         Throwing net      |       |     1 |       |       |       ||     1
         Boomerang         |       |       |       |    19 |     4 ||    23
 Invoke: Heal Self         |     3 |     4 |     4 |    11 |       ||    22
         Purification      |       |       |     1 |     1 |       ||     2
         Divine Vigour     |       |       |       |     3 |       ||     3
  Evoke: Wand              |       |     6 |    25 |       |       ||    31
    Use: Scroll            |     1 |     6 |     3 |     7 |     3 ||    20
         Potion            |     1 |     1 |       |     2 |     9 ||    13
 Armour: Robe              |    47 |    19 |       |       |       ||    66
         Chain mail        |       |    84 |   165 |   502 |   146 ||   897
         Skin              |       |       |       |       |    45 ||    45
  Dodge: Dodged            |    48 |    67 |   211 |   503 |   109 ||   938

Table legend: (Time is in decaauts)
 A = Elapsed time spent in this place.
 B = Non-inter-level travel time spent in this place.
 C = Inter-level travel time spent in this place.
 D = Time resting spent in this place.
 E = Time spent auto-exploring this place.
 F = Levels seen in this place.
 G = Mean time per level.
                   A        B        C        D        E       F      G
               +--------+--------+--------+--------+--------+-----+--------+
         Total |  13922 |  13916 |      6 |   1864 |   4767 |  15 |  928.1 |
       Dungeon |   7824 |   7821 |      3 |    679 |   2515 |   8 |  978.0 |
        Temple |     57 |     57 |      0 |      0 |      0 |   1 |   57.0 |
          Lair |   4297 |   4297 |      0 |    949 |   1582 |   3 | 1432.3 |
     Snake Pit |    554 |    551 |      3 |    236 |    111 |   1 |  554.0 |
       Ossuary |    594 |    594 |      0 |      0 |    298 |   1 |  594.0 |
       Volcano |    594 |    594 |      0 |      0 |    259 |   1 |  594.0 |
               +--------+--------+--------+--------+--------+-----+--------+

Top non-repeatable levels by time:
  Lair:2: 1735 daAuts
  Lair:1: 1652 daAuts
     D:4: 1368 daAuts
     D:6: 1282 daAuts
     D:3: 1187 daAuts
     D:1: 1091 daAuts
     D:5: 983 daAuts
  Lair:3: 909 daAuts
     D:7: 837 daAuts
     D:2: 798 daAuts
 Volcano: 594 daAuts
 Ossuary: 594 daAuts
 Snake:1: 554 daAuts
     D:8: 275 daAuts
  Temple: 57 daAuts
